Map: Proxima Station LE

Players

uThermal - Winner!

  • Race: Terran Terran
  • Spawn Location: 7:00

Multi

  • Race: Protoss Protoss
  • Spawn Location: 1:00

Event: WCS Jonkoping 2017

VOD

Have the link to the VOD?

Description

Time

  • Played on: June 17, 2017, 7:31 a.m.
  • Length: 5:19

All games in this series

Show
View Real Time Build Order
Export as new Build Order

uThermal Terran - Winner!

Build Orders:  

Get SALT Encoding   

  12  0:02  SCV  
  14  0:14  SCV  
  14  0:19  Supply Depot  
  14  0:26  SCV  
  15  0:41  SCV  
  15  0:42  Barracks  
  16  0:45  Refinery  
  16  0:53  SCV  
  17  1:05  SCV  
  18  1:17  SCV  
  19  1:29  Marine, Orbital Command  
  20  1:42  Command Center  
  20  1:55  SCV, Factory  
  21  2:05  Barracks Reactor  
  21  2:07  SCV  
  22  2:13  Supply Depot  
  22  2:15  Refinery  
  22  2:19  SCV  
  23  2:35  SCV  
  24  2:41  Marine x2  
  24  2:44  Starport  
  26  2:47  SCV  
  26  2:48  Widow Mine  
  29  2:53  Orbital Command  
  29  2:59  Marine x2, SCV  
  32  3:11  SCV  
  33  3:17  Marine x2  
  33  3:19  SCV  
  36  3:21  Medivac  
  36  3:23  SCV  
  36  3:26  Supply Depot  
  39  3:29  Cyclone  
  42  3:34  Marine  
  42  3:35  Marine  
  42  3:38  SCV x2  
  46  3:48  Supply Depot  
  46  3:50  SCV x2  
  46  3:54  Viking  
  46  3:55  Marine x2  
  51  4:02  SCV  
  53  4:09  SCV, Cyclone  
  57  4:10  Supply Depot  
  57  4:13  Marine x2  
  57  4:14  SCV  
  60  4:21  SCV  
  61  4:24  Starport Tech Lab  
  61  4:26  SCV  
  62  4:31  Marine x2  
  62  4:33  SCV  
  65  4:40  SCV  
  65  4:46  SCV  
  65  4:49  Marine x2  
  67  4:55  Factory Tech Lab  
  67  4:56  SCV  
  67  4:58  Command Center  
  68  5:04  Supply Depot  
  68  5:05  Supply Depot  
Show
View Real Time Build Order
Export as new Build Order

Multi Protoss 

Build Orders: 1 Gate Expand, Oracle Opening, Phoenix Opening 

Get SALT Encoding   

  12  0:00  Probe (Chrono Boost)  
  13  0:11  Probe (Chrono Boost)  
  14  0:17  Pylon  
  14  0:22  Probe (Chrono Boost)  
  15  0:35  Probe (Chrono Boost)  
  16  0:37  Gateway  
  16  0:43  Assimilator  
  16  0:47  Probe (Chrono Boost)  
  17  0:58  Probe (Chrono Boost)  
  18  1:09  Probe (Chrono Boost)  
  19  1:20  Nexus  
  19  1:31  Cybernetics Core  
  19  1:36  Probe (Chrono Boost)  
  20  1:46  Probe (Chrono Boost), Assimilator  
  21  1:52  Pylon  
  21  1:57  Probe (Chrono Boost)  
  22  2:07  Probe (Chrono Boost)  
  22  2:11  Stargate  
  22  2:15  Adept  
  24  2:18  Probe (Chrono Boost)  
  25  2:23  Warp Gate  
  25  2:29  Probe (Chrono Boost)  
  26  2:32  Probe (Chrono Boost)  
  27  2:39  Probe (Chrono Boost)  
  27  2:42  Probe (Chrono Boost), Adept  
  31  2:50  Probe (Chrono Boost)  
  32  2:52  Probe (Chrono Boost)  
  32  2:55  Oracle (Chrono Boost)  
  36  3:01  Probe  
  36  3:02  Probe  
  38  3:09  Adept  
  38  3:12  Probe  
  40  3:13  Probe  
  42  3:23  Probe  
  42  3:25  Probe  
  44  3:27  Phoenix (Chrono Boost)  
  44  3:28  Pylon  
  46  3:42  Gateway x2  
  46  3:45  Probe  
  46  3:46  Probe  
  48  3:51  Phoenix (Chrono Boost)  
  50  3:57  Pylon  
  50  3:58  Probe  
  50  3:59  Probe  
  52  4:10  Probe  
  52  4:11  Pylon  
  53  4:17  Phoenix (Chrono Boost)  
  53  4:19  Probe  
  53  4:23  Mothership Core  
  58  4:26  Pylon  
  58  4:28  Assimilator  
  58  4:29  Adept  
  58  4:30  Probe  
  61  4:43  Pylon x2  
  61  4:44  Phoenix (Chrono Boost)  
  61  4:50  Adept x2  
  56  4:56  Probe  
  56  4:57  Adept  
  55  5:10  Adept x2  
Tags
 
Add a new tag
Caveats
  • Supply blocks, unpowered buildings, or Contaminate may cause inaccurate times.
  • Supply counts are checked every 10 seconds.